cohdb
Replays
Latest Replays
All Replays
Popular Replays
Top Player Replays
Match Explorer
How It Works
Community
CoH3 Stats
Reddit
Sign in to upload your games and track your stats! →
Sign in with Steam
Match 40815129
Unlisted
Match 40815129
Overview
Messages
Build Orders
End
Panzergrenadier Squad
250 Light Carrier
Panzergrenadier Squad
Construct Light Support Kompanie
Combat Half-tracks
Fire Support Elements
Flakvierling Half-track
Panzerjäger Squad
Pak 38 Mechanized Group
Construct Panzerarmee Kommand
2.5-tonne Medical Truck
Panzergrenadier Squad
MG34 Team
Panzer III L Medium Tank
Selects Armored Support Battlegroup
Selects Salvage Kits
Selects Panzer Storm
Walking Stuka Rocket Launcher
Selects Stuka Anti-tank Loiter
Selects Veteran Gunners
Flak 36 Anti-tank Gun Team
Panzer III L Medium Tank
Rapid Advance
Panzer III L Medium Tank
Stuka Anti-tank Loiter
2.5-tonne Medical Truck
Mee Mee Cute
ProxyFox
EisregenKubus0
Danh Vo
Pewpew
BurningShot
Mistadobalina
Cuttysark
0
0
Comments
sign in to comment!
No comments posted yet!